 Dungeon Crawl Stone Soup version 0.31.0-1-g2c135a008e (webtiles) character file.

Game seed: 3386023134178917205

81 qw the Shooter (level 4, 0/35 HPs)
             Began as a Djinni Hunter on Jan 23, 2024.
             Slain by a ribbon worm (6 damage)
             ... on level 3 of the Dungeon.
             The game lasted 00:00:06 (1562 turns).

qw the Shooter (Djinni Hunter)                      Turns: 1562, Time: 00:00:06

Health: 0/35       AC:  6    Str: 10    XL:     4   Next: 67%
Gold:   101        EV: 11    Int: 10    God:
                   SH:  0    Dex: 19

rFire   + + .        a - +3 shortbow
rCold   x . .        (shield currently unavailable)
rNeg    . . .        g - +1 ring mail {rPois}
rPois   inf          (no helmet)
rElec   .            (no cloak)
rCorr   .            (no gloves)
SInv    .            (boots unavailable)
Will    .....        (no amulet)
Stlth   +            (no ring)
HPRegen 0.25/turn    (no ring)
MPRegen 0.00/turn

%: infuse magic (-1 HP)
@: about to teleport, flying
A: sickness immunity, fire resistance 2, cold vulnerability 1, float, innate
caster, HP casting, extra vitality 1
a: no special abilities


You were on level 3 of the Dungeon.
You visited 1 branch of the dungeon, and saw 3 of its levels.

You collected 101 gold pieces.


Innate Abilities, Weirdness & Mutations

You are immune to sickness and miasma.
You are immune to poison.
Your flesh is very heat resistant. (rF++)
You are vulnerable to cold. (rC-)
You float through the air rather than walking.
You learn spells naturally, not from books.
Your magical power is your life essence.
You have superior vitality. (+4 MHP)


   Skills:
 - Level 3.0 Fighting
 + Level 4.1 Ranged Weapons
 - Level 1.3 Armour
 - Level 2.1 Dodging
 - Level 0.7 Stealth


You knew the following spells:

 Your Spells              Type           Power      Damage    Failure   Level
a - Summon Small Mammal   Summ           0%         N/A       67%         1
Your spell library was empty.

Inventory:

Hand Weapons
 a - a +3 shortbow (weapon)
Armour
 g - a +1 ring mail of poison resistance (worn)
 j - a +0 ring mail of fire resistance
Potions
 d - 2 potions of curing
 e - a potion of cancellation
 f - a potion of haste {unknown}

Dungeon Overview and Level Annotations

Branches:
Dungeon (3/15)

Altars:


Message History

A rat comes into view.
The river rat bites you but does no damage.
The ribbon worm barely misses you.
You shoot an arrow. The arrow hits the river rat.
The river rat is almost dead.
The river rat bites you but does no damage.
The ribbon worm bites you. The river rat barely misses you.
You shoot an arrow. The arrow hits the river rat.
You kill the river rat!
The rat bites you.
The ribbon worm expels a string of sticky webbing.
The stream of webbing hits you but does no damage.
You are caught in a web!
The web tears apart.
The rat bites you but does no damage.
The ribbon worm bites you but does no damage.
You shoot an arrow.
The arrow hits the ribbon worm but does no damage.
The rat bites you but does no damage. The ribbon worm bites you.
The rat bites you but does no damage.
You shoot an arrow.
The arrow barely misses the ribbon worm.
The rat barely misses you. The ribbon worm closely misses you.
You shoot an arrow.
The arrow completely misses the ribbon worm.
The rat barely misses you.
The ribbon worm expels a string of sticky webbing.
The stream of webbing misses you.
You shoot an arrow. The arrow hits the ribbon worm.
The ribbon worm is lightly wounded.
The rat barely misses you.
The ribbon worm bites you but does no damage.
You shoot an arrow. The arrow hits the ribbon worm.
The ribbon worm is lightly wounded.
The rat misses you. The ribbon worm bites you. The rat misses you.
1562 ||| READING scroll of teleportation.
As you read the scroll of teleportation, it crumbles to dust.
You feel strangely unstable. The rat bites you but does no damage.
The ribbon worm bites you.
You die...

...................
#........#########
#........#
#........#
####........#
######
............+
......
####........##
######
##...........
#.@r...).....#
#w###........# !..
#........# ##.#
#........# #.
#..###### .. ....
.% ...# .~


You could see a ribbon worm (catching breath) and a rat.

Vanquished Creatures
  2 adders
  A river rat (D:3)
  3 dart slugs
  2 ribbon worms (D:2)
  6 ball pythons
  2 bats
  2 endoplasms
  5 giant cockroaches
  5 goblins
  2 hobgoblins
  2 quokkas (D:1)
  3 frilled lizards (D:1)
  8 rats
43 creatures vanquished.

Notes
Turn   | Place    | Note
-------+----------+-------------------------------------------
     0 | D:1      | qw the Djinni Hunter began the quest for the Orb.
     0 | D:1      | Reached XP level 1. HP: 18/18 MP: 0/0
     0 | D:1      | 0 ||| qw: Version: 0.3-a-136-gdd3b4e8
     0 | D:1      | 0 ||| qw: Game counter: 1044
     0 | D:1      | 0 ||| qw: Melee chars always use a shield: true
     0 | D:1      | 0 ||| qw: God list: Okawaru
     0 | D:1      | 0 ||| qw: Allow faded altars: false
     0 | D:1      | 0 ||| qw: Do Orc after clearing Dungeon:15 true
     0 | D:1      | 0 ||| qw: Do second Lair branch before Depths: true
     0 | D:1      | 0 ||| qw: Lair rune preference: random
     0 | D:1      | 0 ||| qw: Goals: Normal
     0 | D:1      | 0 ||| PLANNING D:1-11
    47 | D:1      | Reached XP level 2. HP: 23/23 MP: 0/0
   354 | D:1      | Reached XP level 3. HP: 26/28 MP: 0/0
   354 | D:1      | Learned a level 1 spell: Summon Small Mammal
   355 | D:1      | Reached skill level 4 in Ranged Weapons
   378 | D:1      | Found a faded altar of an unknown god.
   637 | D:1      | 637 ||| UPGRADING to +1 ring mail of poison resistance.
   647 | D:1      | 647 ||| DROPPING +0 leather armour.
   648 | D:1      | 648 ||| READING scroll labelled GATICR KIAN.
   649 | D:1      | 649 ||| READING 2 scrolls labelled BYCYGH UFABA.
   649 | D:1      | 649 ||| ENCHANTING +0 shortbow.
   650 | D:1      | 650 ||| READING scroll of enchant weapon.
   650 | D:1      | 650 ||| ENCHANTING +1 shortbow.
   651 | D:1      | 651 ||| READING scroll labelled XAESI USUQOGOATAE.
   651 | D:1      | 651 ||| IDENTIFYING white potion
   652 | D:1      | 652 ||| READING 3 scrolls labelled QAROTE KIUSYSU.
   653 | D:1      | 653 ||| READING scroll labelled LICRI NUICS.
   654 | D:1      | 654 ||| DROPPING scroll of butterflies.
   655 | D:1      | 655 ||| DROPPING 2 scrolls of fear.
   745 | D:2      | 745 ||| READING scroll of enchant weapon.
   745 | D:2      | 745 ||| ENCHANTING +2 shortbow.
   802 | D:2      | Reached skill level 1 in Armour
   959 | D:2      | Reached XP level 4. HP: 34/34 MP: 0/0
  1213 | D:2      | 1213 ||| READING scroll of identify.
  1213 | D:2      | 1213 ||| IDENTIFYING metallic black potion
  1214 | D:2      | 1214 ||| READING scroll labelled GAMEUF ASM.
  1315 | D:2      | 1315 ||| READING 2 scrolls labelled BUOMY HOSMOOH.
  1320 | D:2      | 1320 ||| READING scroll labelled CUK HASETASS.
  1320 | D:2      | 1320 ||| ENCHANTING +3 shortbow.
  1338 | D:3      | 1338 ||| PLANNING SEWER
  1542 | D:3      | Reached skill level 3 in Fighting
  1561 | D:3      | HP: 6/35 [ribbon worm (5)]
  1562 | D:3      | 1562 ||| READING scroll of teleportation.
  1562 | D:3      | Slain by a ribbon worm

Levels and vault maps discovered:
D:1:      kennysheep_arrival_forest, layout_loops_ring,
          shapermc_ecumenical_altar_pompeii
D:2:      layout_rooms, dk_noncrumbling_3
D:3:      kennysheep_goblin_castle, layout_basic, lightli_sewer_entry_pipes

Skill      XL: |  1  2  3  4 |
---------------+-------------+-----
Ranged Weapons | 4 |  4.1
Armour         | 1 |  1.3
Fighting       | 3 |  3.0
Dodging        | |  2.1
Stealth        | |  0.7

Action                     |  1- 3 |  4- 6 || total
---------------------------+-------+-------++-------
   Fire: Shortbow          |    94 |    34 ||   128
    Use: Scroll            |     7 |     5 ||    12
 Armour: Leather armour    |     7 |       ||     7
         Ring mail         |    10 |    20 ||    30
  Dodge: Dodged            |    16 |    19 ||    35

Table legend:
 A = Non-vault XP
 B = Vault XP
 C = Vault XP percentage of total XP
 D = Non-vault monster count
 E = Vault monster count
 F = Vault count percentage of total count
                 A         B        C        D         E       F
            +---------+---------+-------+---------+---------+-------
      Total |      89 |      27 |  23.3 |      40 |       3 |   7.0
            +---------+---------+-------+---------+---------+-------
        D:1 |      38 |       0 |   0.0 |      21 |       0 |   0.0
        D:2 |      40 |       0 |   0.0 |      13 |       0 |   0.0
        D:3 |      11 |      27 |  71.1 |       6 |       3 |  33.3
            +---------+---------+-------+---------+---------+-------
